 Dungeon Crawl Stone Soup version 0.30-a0-778-g2ef04afb54 (webtiles) character file.

Game seed: 4096328778107407454

70 scionoferis the Ducker (level 3, -5/28 HPs)
             Began as a Demigod Hexslinger on Feb 15, 2023.
             Slain by an ogre
             ... wielding a +0 giant club
              (33 damage)
             ... on level 3 of the Dungeon.
             The game lasted 00:05:16 (1597 turns).

scionoferis the Ducker (Demigod Hexslinger)         Turns: 1597, Time: 00:05:16

Health: -5/28      AC:  3    Str: 11    XL:     3   Next: 76%
Magic:  6/6        EV: 13    Int: 15    God:
Gold:   113        SH:  5    Dex: 18    Spells: 3/4 levels left

rFire   . . .      SeeInvis .    d - +1 dagger (venom)
rCold   . . .      Faith    .    (no shield)
rNeg    . . .      Spirit   .    c - +0 robe
rPois   .          Reflect  +    (no helmet)
rElec   .          Harm     .    (no cloak)
rCorr   .          Rampage  .    (no gloves)
Will    .....                    r - +0 pair of boots
Stlth   ++                       j - amulet of reflection
HPRegen 0.24/turn                (no ring)
MPRegen 0.10/turn                (no ring)

@: no status effects
A: high MP 1, forlorn, divine attributes
a: no special abilities


You were on level 3 of the Dungeon.
You visited 1 branch of the dungeon, and saw 3 of its levels.

You collected 113 gold pieces.


Innate Abilities, Weirdness & Mutations

You have an increased reservoir of magic. (+10% MP)
You shall have no god before yourself.
Your divine heritage dramatically boosts your attributes as you level up.


   Skills:
 + Level 1.4 Fighting
 * Level 1.7 Long Blades
 - Level 1.7 Ranged Weapons
 * Level 2.7 Dodging
 + Level 1.2 Stealth
 - Level 1.0 Spellcasting
 - Level 2.6 Hexes


You had 3 spell levels left.
You knew the following spells:

 Your Spells              Type           Power      Damage    Failure   Level
a - Slow                  Hex            32%        N/A       9%          1

Your spell library contained the following spells:

 Spells                   Type           Power      Damage    Failure   Level
 Inner Flame              Hex/Fire       4%         N/A       38%         3
 Portal Projectile        Hex/Tloc       8%         N/A       38%         3
 Cause Fear               Hex            4%         N/A       63%         4

Inventory:

Hand Weapons
 a - a +2 vampiric short sword
   (You took it off a kobold on level 1 of the Dungeon)
 b - a +1 sling
 d - a +1 dagger of venom (weapon)
   (You took it off a kobold on level 3 of the Dungeon)
Missiles
 y - 6 poisoned darts (quivered)
Armour
 c - a +0 robe (worn)
 r - a +0 pair of boots (worn)
   (You found it on level 2 of the Dungeon)
Jewellery
 j - an amulet of reflection (around neck)
   (You found it on level 1 of the Dungeon)
Scrolls
 g - 2 scrolls of poison
 h - 3 scrolls of identify {unknown}
 k - a scroll of magic mapping {unknown}
 m - a scroll of enchant armour {unknown}
 t - a scroll of fear {unknown}
 u - 2 scrolls of immolation {unknown}
 v - a scroll of vulnerability {unknown}
 z - a scroll of silence {unknown}
Potions
 e - 2 potions of attraction {unknown}
 f - a potion of resistance {unknown}
 i - 3 potions of curing {unknown}
 n - a potion of brilliance {unknown}
 o - 2 potions of berserk rage {unknown}
 p - 2 potions of degeneration {unknown}
 q - a potion of heal wounds {unknown}
 s - a potion of haste {unknown}
 w - a potion of lignification {unknown}
 x - a potion of flight {unknown}

Dungeon Overview and Level Annotations

Branches:
Dungeon (3/15)

Shops:
D:2

= #.. #.....#.....# ## #.#
#######.#.....# #. #..
..#.....#.....# #. ##.#
#.#.###.#.....# #. #..#
#.#.# #.####### #.
#..###.#.###.# #.
#............# #.
#.######.#.##############.
#.(((((?O@.##..[..........
########.####.....########
#.†........# ######....<#
#.....# #######


You could see an ogre (extremely poisoned).


Message History

Welcome, scionoferis the Demigod Hexslinger.
They say the Orb of Zot lies within this dungeon, but they say a lot of things.
Press ? for a list of commands and other information.
Found a staircase leading out of the dungeon.
Found 2 stones.
A rat comes into view.
You shoot a sling bullet. The sling bullet hits the rat.
You kill the rat!
No target in view!
No target in view!
d - a clear potion
Found a stone staircase leading down.
There is a stone staircase leading down here.
e - 2 grey potions
Found 9 stones.
Found a ring mail.
A kobold comes into view.
It is wielding a +2 vampiric short sword.
You shoot a sling bullet. The sling bullet hits the kobold.
You kill the kobold!
No target in view!
No target in view!
f - a murky purple potion A goblin comes into view.
It is wielding a +0 club.
Found a robe.
Found a stone staircase leading down.
The goblin shouts!
There is a fountain of clear blue water here.
Things that are here:
a +2 vampiric short sword; a kobold corpse
g - a +2 vampiric short sword Adjust to which letter? (? for menu, Esc to quit)
a - a +2 vampiric short sword;
g - a +1 sling (weapon)
Adjust to which letter? (? for menu, Esc to quit)
b - a +1 sling (weapon);
g - a scroll of poison Your line of fire to the goblin is blocked by a granite statue.
Your line of fire to the goblin is blocked by a granite statue.
You shoot a sling bullet.
The sling bullet closely misses the goblin.
You shoot a sling bullet. The sling bullet hits the goblin.
The goblin is moderately wounded.
You shoot a sling bullet.
The sling bullet closely misses the goblin.
The goblin hits you with a +0 club.
You feel a sense of dread.
a - a +2 vampiric short sword (weapon)
The goblin barely misses you.
You hit the goblin.
The goblin is heavily wounded.
The goblin hits you with a +0 club.
You closely miss the goblin.
The goblin is heavily wounded.
The goblin hits you but does no damage.
You miss the goblin.
The goblin is heavily wounded.
The goblin hits you but does no damage.
You closely miss the goblin.
The goblin is heavily wounded.
The goblin completely misses you.
You hit the goblin.
You kill the goblin!
Your Fighting skill increases to level 1!
No target in view!
No target in view!
You feel the dreadful sensation subside.
b - a +1 sling (weapon)
HP restored.
Found a ring mail.
Found a mace.
A kobold comes into view. It is wielding a +0 dagger.
You shoot a sling bullet.
The sling bullet hits the kobold but does no damage.
The kobold shouts!
You hear a shout!
You shoot a sling bullet.
The sling bullet completely misses the kobold.
You shoot a sling bullet. The sling bullet hits the kobold.
You kill the kobold!
No target in view!
No target in view!
A hobgoblin comes into view.
The hobgoblin shouts!
A bat comes into view.
The hobgoblin moves out of view.
You see here a scroll labelled JAIDECWEITA.
You shoot a sling bullet.
The sling bullet closely misses the bat.
You shoot a sling bullet.
The sling bullet closely misses the bat.
The sling bullet hits the hobgoblin.
The hobgoblin is moderately wounded.
The bat barely misses you.
A ball python comes into view.
You shoot a sling bullet. The sling bullet barely misses the bat.
The ball python hisses angrily.
The bat closely misses you.
A rat comes into view.
You shoot a sling bullet.
The sling bullet barely misses the hobgoblin.
The bat hits you but does no damage.
You shoot a sling bullet.
The sling bullet closely misses the hobgoblin.
The bat barely misses you. The hobgoblin closely misses you.
You shoot a sling bullet.
The sling bullet hits the hobgoblin but does no damage.
The hobgoblin is moderately wounded.
The bat misses you. The bat barely misses you. The hobgoblin hits you.
The hobgoblin closely misses you.
You feel a sense of dread.
a - a +2 vampiric short sword (weapon)
The bat hits you but does no damage. The ball python barely misses you.
The ball python grabs you. The ball python constricts you.
You escape the ball python's grasp.
The bat completely misses you. The hobgoblin attacks as you move away!
The hobgoblin barely misses you. The bat misses you.
Found a chain mail.
The bat closely misses you.
You hit the bat.
You feel better.
You kill the bat!
You hit the hobgoblin but do no damage.
The hobgoblin is lightly wounded.
The hobgoblin hits you.
You hit the hobgoblin.
You feel better.
The hobgoblin is heavily wounded.
The hobgoblin closely misses you.
You barely miss the hobgoblin.
The hobgoblin is heavily wounded.
The hobgoblin barely misses you.
You hit the hobgoblin.
The hobgoblin is severely wounded.
The hobgoblin barely misses you.
You hit the hobgoblin.
You kill the hobgoblin!
Your Dodging skill increases to level 2!
You hit the rat.
You kill the rat!
You barely miss the ball python.
The ball python bites you but does no damage.
The ball python grabs you. The ball python constricts you.
The ball python closely misses you. The ball python constricts you.
You hit the ball python.
The ball python is moderately wounded.
The ball python bites you. The ball python constricts you.
You hit the ball python.
You feel better.
You kill the ball python!
You swing at nothing.
You swing at nothing.
Things that are here:
a hobgoblin corpse; a bat corpse You feel the dreadful sensation subside.
b - a +1 sling (weapon)
h - a scroll labelled JAIDECWEITA
Things that are here:
a +0 dagger; a kobold corpse You see here a +0 mace.
i - a bubbling brown potion A ball python comes into view.
You shoot a sling bullet. The sling bullet hits the ball python.
You kill the ball python!
No target in view!
No target in view!
An endoplasm comes into view.
You shoot a sling bullet. The sling bullet hits the endoplasm.
The endoplasm quivers.
The endoplasm is heavily wounded.
You shoot a sling bullet. The sling bullet hits the endoplasm.
You kill the endoplasm!
No target in view!
No target in view!
j - an amulet of reflection You start putting on your amulet.
You continue putting on your amulet of reflection. x5
You finish putting on your amulet of reflection.
You feel a shielding aura gather around you.
j - an amulet of reflection (around neck)
A giant cockroach comes into view.
You shoot a sling bullet.
The sling bullet hits the giant cockroach.
The giant cockroach is lightly wounded.
You shoot a sling bullet.
The sling bullet barely misses the giant cockroach.
You shoot a sling bullet.
The sling bullet hits the giant cockroach.
The giant cockroach is moderately wounded.
You shoot a sling bullet.
The sling bullet hits the giant cockroach but does no damage.
The giant cockroach is moderately wounded.
You shoot a sling bullet.
The sling bullet hits the giant cockroach.
The giant cockroach is severely wounded.
The giant cockroach bites you. The giant cockroach barely misses you.
You shoot a sling bullet.
The sling bullet hits the giant cockroach.
The giant cockroach is almost dead.
The giant cockroach waves its antennae.
The giant cockroach bites you but does no damage.
The giant cockroach closely misses you.
You shoot a sling bullet.
The sling bullet hits the giant cockroach.
You kill the giant cockroach!
You have reached level 2!
Found a scale mail.
A hobgoblin comes into view.
You shoot a sling bullet. The sling bullet hits the hobgoblin.
The hobgoblin shouts!
The hobgoblin is almost dead.
A giant cockroach comes into view.
You shoot a sling bullet. The sling bullet hits the hobgoblin.
You kill the hobgoblin!
You shoot a sling bullet.
The sling bullet barely misses the giant cockroach.
You shoot a sling bullet.
The sling bullet hits the giant cockroach.
You kill the giant cockroach!
No target in view!
No target in view!
Found a stone staircase leading down.
Found a whip.
An endoplasm comes into view.
Found a glowing spear.
You shoot a sling bullet. The sling bullet hits the endoplasm.
The endoplasm quivers.
The endoplasm is heavily wounded.
You shoot a sling bullet. The sling bullet hits the endoplasm.
You kill the endoplasm!
No target in view!
A rat comes into view.
You shoot a sling bullet.
The sling bullet completely misses the rat.
You shoot a sling bullet. The sling bullet hits the rat.
The rat is moderately wounded.
You shoot a sling bullet. The sling bullet hits the rat.
You kill the rat!
No target in view!
No target in view!
You see here a +0 spear of flaming.
A rat comes into view.
The rat moves out of view.
You shoot a sling bullet. The sling bullet hits the rat.
You kill the rat!
No target in view!
No target in view!
A rat comes into view.
You shoot a sling bullet. The sling bullet hits the rat.
You kill the rat!
No target in view!
No target in view!
A rat comes into view.
You shoot a sling bullet. The sling bullet hits the rat.
The rat is severely wounded.
You shoot a sling bullet. The sling bullet hits the rat!
You kill the rat!
No target in view!
No target in view!
A ball python comes into view.
You shoot a sling bullet. The sling bullet hits the ball python.
The ball python hisses angrily.
The ball python is severely wounded.
You shoot a sling bullet. The sling bullet hits the ball python!
You kill the ball python!
Your Long Blades skill increases to level 1!
No target in view!
No target in view!
No target in view!
There is a fountain of clear blue water here.
You see here a rat corpse.
A kobold comes into view. It is wielding a +0 whip.
You shoot a sling bullet.
The sling bullet hits the kobold but does no damage.
The kobold throws a stone.
The stone hits you but does no damage.
You shoot a sling bullet.
The sling bullet barely misses the kobold.
You shoot a sling bullet.
The sling bullet closely misses the kobold.
The kobold throws a stone.
The stone hits you.
You shoot a sling bullet.
The sling bullet closely misses the kobold.
You shoot a sling bullet. The sling bullet hits the kobold.
You kill the kobold!
No target in view!
No target in view!
Things that are here:
a +0 whip; 3 stones A rat comes into view.
You shoot a sling bullet. The sling bullet hits the rat.
You kill the rat!
No target in view!
No target in view!
You see here a rat corpse.
You open the huge gate.
Found a faded altar of an unknown god.
There is a huge open gate here.
There is a huge open gate here.
There is a huge open gate here.
A ball python comes into view.
Found a scroll labelled SEIFIN YPNERPHU.
You shoot a sling bullet. The sling bullet hits the ball python!
You kill the ball python!
k - a scroll labelled SEIFIN YPNERPHU You see here 6 atropa-tipped darts.
No target in view!
No target in view!
You now have 10 gold pieces.
An endoplasm comes into view.
Found a scroll labelled ONEPLE HOIVVO.
You see here 6 atropa-tipped darts.
l - 6 atropa-tipped darts You shoot a sling bullet.
The sling bullet completely misses the endoplasm.
The endoplasm quivers.
No target in view!
You shoot a sling bullet.
The sling bullet hits the endoplasm but does no damage.
You shoot a sling bullet. The sling bullet hits the endoplasm.
The endoplasm is moderately wounded.
The endoplasm hits the bush but does no damage.
You shoot a sling bullet. The sling bullet hits the endoplasm.
The endoplasm is severely wounded.
You shoot a sling bullet.
The sling bullet barely misses the endoplasm.
You shoot a sling bullet.
The sling bullet barely misses the endoplasm.
You shoot a sling bullet. The sling bullet hits the endoplasm.
You kill the endoplasm!
A hobgoblin comes into view.
You shoot a sling bullet. The sling bullet hits the hobgoblin.
The hobgoblin shouts!
The hobgoblin is severely wounded.
You hear an angry hiss.
You shoot a sling bullet. The sling bullet hits the hobgoblin!
You kill the hobgoblin!
No target in view!
No target in view!
A goblin comes into view. It is wielding a +0 club.
Your line of fire to the goblin is blocked by a statue of a princess.
Your line of fire to the goblin is blocked by a statue of a princess.
Your line of fire to the goblin is blocked by a statue of a princess.
The goblin shouts!
You see here a scroll labelled ONEPLE HOIVVO.
You shoot a sling bullet.
The sling bullet closely misses the goblin.
You shoot a sling bullet. The sling bullet hits the goblin.
You kill the goblin!
No target in view!
m - a scroll labelled ONEPLE HOIVVO A ball python comes into view.
You shoot a sling bullet. The ball python hisses angrily.
The sling bullet hits the ball python!
You kill the ball python!
No target in view!
No target in view!
n - a golden potion
Found a sling.
You now have 12 gold pieces (gained 2).
Found 3 stones.
You see here a +0 robe.
You see here 3 stones.
You see here a +0 robe.
There is a fountain of clear blue water here.
You see here a +0 club.
You see here a +0 dagger.
You see here a +0 mace.
Done exploring.
Done exploring.
Search for what [? for help]? d: Unknown command.
There is a stone staircase leading down here.
Unknown command.
You climb downwards.
Found an orange potion.
Found a stone staircase leading down.
There is a stone staircase leading up here.
You shoot a sling bullet. The sling bullet hits the bat.
The bat is heavily wounded.
The bat closely misses you.
You shoot a sling bullet.
The sling bullet closely misses the bat.
The bat barely misses you. The bat completely misses you.
You shoot a sling bullet. The sling bullet barely misses the bat.
The bat hits you but does no damage. The bat misses you.
You shoot a sling bullet.
The sling bullet closely misses the bat.
You block the bat's attack.
No target in view!
No target in view!
A bat is nearby!
You shoot a sling bullet.
The sling bullet closely misses the bat.
The bat closely misses you.
You shoot a sling bullet.
The sling bullet closely misses the bat.
You block the bat's attack. The bat misses you.
You shoot a sling bullet. The sling bullet barely misses the bat.
You block the bat's attack.
A bat is nearby!
You shoot a sling bullet. The sling bullet barely misses the bat.
The bat closely misses you. You block the bat's attack.
You shoot a sling bullet. The sling bullet barely misses the bat.
The bat closely misses you. The bat barely misses you.
You shoot a sling bullet. The sling bullet hits the bat.
You kill the bat!
No target in view!
No target in view!
o - an orange potion You see here a bat corpse.
A giant cockroach comes into view.
You shoot a sling bullet.
The sling bullet hits the giant cockroach.
The giant cockroach is severely wounded.
You shoot a sling bullet.
The sling bullet hits the giant cockroach.
You kill the giant cockroach!
No target in view!
No target in view!
You see here a giant cockroach corpse.
You open the door.
An endoplasm comes into view.
You shoot a sling bullet. The sling bullet hits the endoplasm.
The endoplasm is moderately wounded.
An endoplasm comes into view.
You shoot a sling bullet.
The sling bullet completely misses the endoplasm.
The endoplasm closely misses you.
You shoot a sling bullet. The sling bullet hits the endoplasm.
The endoplasm is severely wounded.
The endoplasm freezes you.
You are frozen.
You shoot a sling bullet. The sling bullet hits the endoplasm!
You kill the endoplasm!
The endoplasm freezes you.
You are frozen.
You shoot a sling bullet. The sling bullet hits the endoplasm.
The endoplasm is heavily wounded.
The endoplasm freezes you.
You are frozen.
You shoot a sling bullet.
The sling bullet barely misses the endoplasm.
You block the endoplasm's attack.
You shoot a sling bullet. The sling bullet hits the endoplasm!
You kill the endoplasm!
HP restored.
There is an open door here.
You now have 27 gold pieces (gained 15).
A rat comes into view.
You shoot a sling bullet.
The sling bullet hits the rat but does no damage.
You shoot a sling bullet. The sling bullet hits the rat!
You kill the rat!
No target in view!
No target in view!
You see here a rat corpse.
You now have 36 gold pieces (gained 9).
p - a dark potion A hobgoblin comes into view.
Found 8 gold pieces.
A hobgoblin is nearby!
You shoot a sling bullet. The sling bullet hits the hobgoblin.
You kill the hobgoblin!
Your Stealth skill increases to level 1!
No target in view!
No target in view!
You now have 44 gold pieces (gained 8).
There is an open door here.
A quokka comes into view.
You shoot a sling bullet. The sling bullet hits the quokka.
The quokka is heavily wounded.
You shoot a sling bullet. The sling bullet hits the quokka.
You kill the quokka!
You have reached level 3!
Your experience leads to a dramatic increase in your attributes!
Increase (S)trength, (I)ntelligence, or (D)exterity?
You feel agile. x4
You now have 53 gold pieces (gained 9).
You see here a +0 scale mail.
Found Egoxuat's Jewellery Shop.
There is an entrance to Egoxuat's Jewellery Shop here.
You can access your shopping list by pressing '$'.
A hobgoblin comes into view.
You shoot a sling bullet.
The sling bullet closely misses the hobgoblin.
You shoot a sling bullet.
The sling bullet hits the hobgoblin but does no damage.
You shoot a sling bullet. The sling bullet hits the hobgoblin.
You kill the hobgoblin!
No target in view!
q - a fuming dark potion You see here a hobgoblin corpse.
o - 2 orange potions (gained 1)
A worm comes into view.
You shoot a sling bullet. The sling bullet hits the worm.
The worm is lightly wounded.
You shoot a sling bullet. The sling bullet hits the worm!
The worm is heavily wounded.
You shoot a sling bullet. The sling bullet hits the worm.
The worm is heavily wounded.
You shoot a sling bullet. The sling bullet hits the worm.
The worm is heavily wounded.
You shoot a sling bullet.
The sling bullet barely misses the worm.
You shoot a sling bullet.
The sling bullet barely misses the worm.
You shoot a sling bullet. The sling bullet hits the worm.
The worm is severely wounded.
You feel a sense of dread.
a - a +2 vampiric short sword (weapon)
You hit the worm.
The worm is almost dead.
You block the worm's attack.
You hit the worm.
The worm is almost dead.
You barely miss the worm.
The worm is almost dead.
The worm completely misses you.
You hit the worm.
You kill the worm!
No target in view!
No target in view!
You feel the dreadful sensation subside.
b - a +1 sling (weapon)
You see here a worm corpse.
Found a stone staircase leading down.
A ball python comes into view.
Found a ring mail.
You shoot a sling bullet. The sling bullet hits the ball python.
The ball python hisses angrily.
The ball python is severely wounded.
You shoot a sling bullet. The sling bullet hits the ball python!
You kill the ball python!
No target in view!
No target in view!
A rat comes into view.
You shoot a sling bullet.
The sling bullet hits the rat but does no damage.
You shoot a sling bullet. The sling bullet hits the rat.
You kill the rat!
No target in view!
No target in view!
There is a stone staircase leading down here.
Found a stone staircase leading up.
You open the door.
There is an open door here.
Found a rapier and a pair of boots.
An endoplasm comes into view.
Found a ring mail.
You see here a ball python corpse.
The endoplasm quivers.
There is a stone staircase leading down here.
You shoot a sling bullet.
The sling bullet hits the endoplasm but does no damage.
You shoot a sling bullet. The sling bullet hits the endoplasm.
You kill the endoplasm!
No target in view!
No target in view!
You see here a +0 pair of boots.
r - a +0 pair of boots You start putting on your armour.
You continue putting on your +0 pair of boots. x4
You finish putting on your +0 pair of boots.
You see here a +0 rapier.
Found a stone staircase leading down.
Found a stone staircase leading up.
Done exploring.
Done exploring.
A hobgoblin comes into view. It is wielding a +0 sling.
You shoot a sling bullet. The hobgoblin shouts!
The sling bullet hits the hobgoblin.
The hobgoblin is almost dead.
The hobgoblin shoots a sling bullet.
The sling bullet barely misses you.
You shoot a sling bullet. The sling bullet hits the hobgoblin.
You kill the hobgoblin!
No target in view!
No target in view!
s - a green potion;
t - a scroll labelled PEGRIV WEREEKE
Things that are here:
a +0 sling; 5 stones; a hobgoblin corpse
There is a stone staircase leading down here.
Unknown command.
You climb downwards.
There is a stone staircase leading up here.
You now have 69 gold pieces (gained 16).
u - a scroll labelled VIEW ROTURO
u - 2 scrolls labelled VIEW ROTURO (gained 1)
A worm comes into view.
You shoot a sling bullet. The sling bullet hits the worm.
The worm is lightly wounded.
You shoot a sling bullet. The sling bullet hits the worm!
The worm is heavily wounded.
You shoot a sling bullet.
The sling bullet barely misses the worm.
You shoot a sling bullet.
The sling bullet hits the worm but does no damage.
The worm is heavily wounded.
You shoot a sling bullet. The sling bullet hits the worm.
The worm is heavily wounded.
You shoot a sling bullet.
The sling bullet barely misses the worm.
You shoot a sling bullet.
The sling bullet hits the worm but does no damage.
The worm is moderately wounded.
You shoot a sling bullet. The sling bullet hits the worm.
The worm is heavily wounded.
You block the worm's attack.
You feel a sense of dread.
a - a +2 vampiric short sword (weapon)
You hit the worm.
The worm is severely wounded.
You barely miss the worm.
The worm is severely wounded.
The worm misses you.
You barely miss the worm.
The worm is heavily wounded.
The worm bites you.
You barely miss the worm.
The worm is heavily wounded.
You puncture the worm!
You feel better.
The worm is almost dead.
You block the worm's attack.
You hit the worm.
You kill the worm!
No target in view!
No target in view!
You feel the dreadful sensation subside.
b - a +1 sling (weapon)
i - 2 bubbling brown potions (gained 1)
v - a scroll labelled QUCYV GUEJ
Found two stone staircases leading down.
An ufetubus comes into view.
You shoot a sling bullet. The sling bullet hits the ufetubus.
The ufetubus shouts!
The ufetubus is moderately wounded.
You shoot a sling bullet. The sling bullet hits the ufetubus.
The ufetubus is heavily wounded.
You shoot a sling bullet.
The sling bullet closely misses the ufetubus.
The ufetubus hits you. You block the ufetubus's attack.
You shoot a sling bullet. The sling bullet hits the ufetubus.
You kill the ufetubus!
No target in view!
HP restored.
Found 4 stones.
There is a stone staircase leading down here.
A frilled lizard comes into view.
The frilled lizard hisses angrily.
A frilled lizard is nearby!
You shoot a sling bullet.
The sling bullet hits the frilled lizard.
The frilled lizard is heavily wounded.
You shoot a sling bullet.
The sling bullet closely misses the frilled lizard.
You shoot a sling bullet.
The sling bullet closely misses the frilled lizard.
You shoot a sling bullet.
The sling bullet hits the frilled lizard.
You kill the frilled lizard!
You feel a sense of dread.
a - a +2 vampiric short sword (weapon)
You feel the dreadful sensation subside.
b - a +1 sling (weapon)
You see here a frilled lizard corpse.
You now have 72 gold pieces (gained 3).
Found a leather armour.
Found a stone staircase leading up.
No target in view!
No target in view!
A hobgoblin comes into view.
The hobgoblin shouts!
You shoot a sling bullet.
The sling bullet barely misses the hobgoblin.
You shoot a sling bullet.
The sling bullet closely misses the hobgoblin.
The hobgoblin hits you but does no damage.
You shoot a sling bullet. The sling bullet hits the hobgoblin.
The hobgoblin is moderately wounded.
You block the hobgoblin's attack.
You feel a sense of dread.
a - a +2 vampiric short sword (weapon)
You block the hobgoblin's attack.
You hit the hobgoblin.
The hobgoblin is severely wounded.
The hobgoblin closely misses you.
You closely miss the hobgoblin.
The hobgoblin is severely wounded.
You block the hobgoblin's attack.
You barely miss the hobgoblin.
The hobgoblin is severely wounded.
The hobgoblin closely misses you.
You hit the hobgoblin.
You kill the hobgoblin!
No target in view!
You feel the dreadful sensation subside.
b - a +1 sling (weapon)
w - a fizzy brown potion
Found a stone staircase leading down.
h - 2 scrolls labelled JAIDECWEITA (gained 1)
There is a stone staircase leading down here.
There is a stone staircase leading down here.
p - 2 dark potions (gained 1)
You see here 4 stones.
Found an escape hatch in the floor.
You now have 89 gold pieces (gained 17).
An adder comes into view.
You shoot a sling bullet. The sling bullet hits the adder.
The adder hisses angrily.
The adder is moderately wounded.
You feel a sense of dread.
a - a +2 vampiric short sword (weapon)
The adder misses you.
You hit the adder.
The adder is severely wounded.
The adder bites you.
You are poisoned.
The adder poisons you!
You closely miss the adder.
The adder is severely wounded.
You feel sick. You block the adder's attack.
You hit the adder.
The adder is severely wounded.
You feel sick. The adder bites you but does no damage.
You hit the adder but do no damage.
The adder is severely wounded.
You feel sick. The adder closely misses you. The adder barely misses you.
You hit the adder but do no damage.
The adder is severely wounded.
You feel sick.
You are no longer poisoned.
The adder misses you.
You hit the adder.
You kill the adder!
No target in view!
No target in view!
You feel the dreadful sensation subside.
b - a +1 sling (weapon)
i - 3 bubbling brown potions (gained 1)
h - 3 scrolls labelled JAIDECWEITA (gained 1)
Found an escape hatch in the ceiling.
An endoplasm comes into view.
You shoot a sling bullet.
The sling bullet hits the endoplasm but does no damage.
The endoplasm quivers.
You shoot a sling bullet. The sling bullet hits the endoplasm.
The endoplasm is severely wounded.
You shoot a sling bullet. The sling bullet hits the endoplasm.
You kill the endoplasm!
No target in view!
There is an escape hatch in the ceiling here.
A kobold comes into view.
It is wielding a +1 dagger of venom and quivering poisoned darts.
You feel a sense of dread.
a - a +2 vampiric short sword (weapon)
The helpless kobold fails to defend itself.
You hit the kobold.
You kill the kobold!
Things that are here:
a +1 dagger of venom; 6 poisoned darts
x - a +1 dagger of venom;
y - 6 poisoned darts Adjust to which letter? (? for menu, Esc to quit)
d - a +1 dagger of venom;
x - a clear potion You feel the dreadful sensation subside.
b - a +1 sling (weapon)
A kobold comes into view. It is wielding a +0 short sword.
You shoot a sling bullet. The sling bullet hits the kobold.
The kobold shouts!
The kobold is severely wounded.
No target in view!
A kobold is nearby!
Unknown command.
You shoot a sling bullet.
The sling bullet hits the kobold but does no damage.
The kobold is severely wounded.
You feel a sense of dread.
a - a +2 vampiric short sword (weapon)
You hit the kobold.
You kill the kobold!
No target in view!
You feel the dreadful sensation subside.
b - a +1 sling (weapon)
An endoplasm comes into view.
Found a scroll of poison.
An endoplasm is nearby!
You shoot a sling bullet. The sling bullet hits the endoplasm.
The endoplasm is heavily wounded.
You shoot a sling bullet. The sling bullet hits the endoplasm.
The endoplasm is almost dead.
You shoot a sling bullet.
The sling bullet completely misses the endoplasm.
You shoot a sling bullet. The sling bullet hits the endoplasm.
You kill the endoplasm!
No target in view!
g - 2 scrolls of poison (gained 1)
Found 3 stones.
You see here 3 stones.
z - a scroll labelled WEATHO QAECLU You now have 99 gold pieces (gained 10).
Found a chain mail.
Found a stone staircase leading up.
A ball python comes into view.
The ball python hisses angrily.
A ball python is nearby!
You shoot a sling bullet. The sling bullet hits the ball python.
You kill the ball python!
No target in view!
No target in view!
You see here a ball python corpse.
An ogre comes into view. It is wielding a +0 giant club.
You see here a ball python corpse.
You see here a +0 chain mail.
You see here 3 stones.
A goblin comes into view. It is wielding a +0 dagger.
The goblin shouts!
The goblin moves out of view.
The goblin closely misses you.
You feel a sense of dread.
a - a +2 vampiric short sword (weapon)
You hit the goblin.
You kill the goblin!
No target in view!
No target in view!
You see here a +0 dagger.
You now have 113 gold pieces (gained 14).
You feel the dreadful sensation subside.
Your +1 dagger of venom begins to drip with poison!
d - a +1 dagger of venom (weapon)
Unknown command.
Unknown command.
Throw: 6 darts (atropa)
Press: ? - help, Q - select action, (/) - cycle Shift-Dir - straight line, f - ogre
Aim: an ogre, wielding a +0 giant club (asleep, 98% to hit, chance to blind on hit: 27%)
You throw an atropa-tipped dart. The atropa-tipped dart hits the ogre.
The ogre resists.
The ogre shouts!
Throw: 5 darts (atropa)
Press: ? - help, Q - select action, (/) - cycle Shift-Dir - straight line, f/p - ogre
Aim: an ogre, wielding a +0 giant club (75% to hit, chance to blind on hit: 27%)
You throw an atropa-tipped dart. The atropa-tipped dart hits the ogre.
The ogre resists.
Throw: 4 darts (atropa)
Press: ? - help, Q - select action, (/) - cycle Shift-Dir - straight line, f/p - ogre
Aim: an ogre, wielding a +0 giant club (75% to hit, chance to blind on hit: 27%)
You throw an atropa-tipped dart. The atropa-tipped dart hits the ogre.
The ogre resists.
Throw: 3 darts (atropa)
Press: ? - help, Q - select action, (/) - cycle Shift-Dir - straight line, f/p - ogre
Aim: an ogre, wielding a +0 giant club (75% to hit, chance to blind on hit: 27%)
You throw an atropa-tipped dart. The atropa-tipped dart hits the ogre.
The ogre resists.
Throw: 2 darts (atropa)
Press: ? - help, Q - select action, (/) - cycle Shift-Dir - straight line, f/p - ogre
Aim: an ogre, wielding a +0 giant club (75% to hit, chance to blind on hit: 27%)
You throw an atropa-tipped dart. The atropa-tipped dart hits the ogre.
The ogre resists.
Throw: dart (atropa)
Press: ? - help, Q - select action, (/) - cycle Shift-Dir - straight line, f/p - ogre
Aim: an ogre, wielding a +0 giant club (75% to hit, chance to blind on hit: 27%)
You throw an atropa-tipped dart.
The atropa-tipped dart closely misses the ogre.
You hit the ogre but do no damage.
The ogre is poisoned.
The ogre misses you.
You hit the ogre but do no damage.
The ogre looks as sick as possible!
The ogre is lightly wounded.
You hit the ogre.
The ogre looks as sick as possible!
The ogre is lightly wounded.
The ogre hits you with a +0 giant club!!
Ouch! That really hurt!
You die...

Skill      XL: |  1  2 |
---------------+-------+-----
Fighting       | 1 |  1.4
Dodging        | 2 |  2.7
Long Blades    | 1 |  1.7
Stealth        | 1 |  1.2
Ranged Weapons | |  1.7
Spellcasting   | |  1.0
Hexes          | |  2.6

Action                     || total
---------------------------++-------
  Melee: Short sword       ||    38
         Dagger            ||     3
   Fire: Sling             ||   130
  Throw: Dart              ||     6
   Stab: Sleeping          ||     1
 Armour: Robe              ||    10
  Dodge: Dodged            ||    41
  Block: Other             ||    13

Levels and vault maps discovered:
D:1:      lemuel_arrival_cross, layout_rooms,
          hellmonk_ecumenical_altar_heavens_door, hangedman_feature_mirror,
          dreamdust_princess_bridge
D:2:      layout_basic, serial_shops, shop
D:3:      layout_loops_cross, minmay_misc_feat_cross

Notes
Turn   | Place    | Note
-------+----------+-------------------------------------------
     0 | D:1      | scionoferis the Demigod Hexslinger began the quest for the
                  | Orb.
     0 | D:1      | Reached XP level 1. HP: 15/15 MP: 4/4
    53 | D:1      | Reached skill level 1 in Fighting
   106 | D:1      | Reached skill level 2 in Dodging
   162 | D:1      | Reached XP level 2. HP: 20/23 MP: 5/5
   249 | D:1      | Reached skill level 1 in Long Blades
   745 | D:2      | Reached skill level 1 in Stealth
   764 | D:2      | Reached XP level 3. HP: 28/28 MP: 6/6
   806 | D:2      | Found Egoxuat's Jewellery Shop.
  1490 | D:3      | Noticed an ogre
  1597 | D:3      | Slain by an ogre

Vanquished Creatures
  An adder (D:3)
  An ufetubus (D:3)
  2 worms (D:2 D:3)
  8 endoplasms (D:1 D:2 D:3)
  3 giant cockroaches (D:1 D:2)
  3 goblins (D:1 D:3)
  7 hobgoblins (D:1 D:2 D:3)
  A quokka (D:2)
  7 ball pythons (D:1 D:2 D:3)
  2 bats (D:1 D:2)
  A frilled lizard (D:3)
  5 kobolds (D:1 D:3)
  9 rats (D:1 D:2)
50 creatures vanquished.

Table legend: (Time is in decaauts)
 A = Elapsed time spent in this place.
 B = Non-inter-level travel time spent in this place.
 C = Inter-level travel time spent in this place.
 D = Time resting spent in this place.
 E = Time spent auto-exploring this place.
 F = Levels seen in this place.
 G = Mean time per level.
                   A        B        C        D        E       F      G
               +--------+--------+--------+--------+--------+-----+--------+
         Total |   1625 |   1586 |     39 |      0 |   1151 |   3 |  541.7 |
       Dungeon |   1625 |   1586 |     39 |      0 |   1151 |   3 |  541.7 |
               +--------+--------+--------+--------+--------+-----+--------+

Top non-repeatable levels by time:
     D:1: 587 daAuts
     D:3: 554 daAuts
     D:2: 483 daAuts

Table legend:
 A = Non-vault XP
 B = Vault XP
 C = Vault XP percentage of total XP
 D = Non-vault monster count
 E = Vault monster count
 F = Vault count percentage of total count
                 A         B        C        D         E       F
            +---------+---------+-------+---------+---------+-------
      Total |      98 |       2 |   2.0 |      48 |       2 |   4.0
            +---------+---------+-------+---------+---------+-------
        D:1 |      33 |       2 |   5.7 |      24 |       2 |   7.7
        D:2 |      27 |       0 |   0.0 |      13 |       0 |   0.0
        D:3 |      38 |       0 |   0.0 |      11 |       0 |   0.0
            +---------+---------+-------+---------+---------+-------
